 Dungeon Crawl Stone Soup version 0.16-a0-3911-g06eb01e (webtiles) character file.

438 Gorice the Poker (level 7, -1/48 HPs)
             Began as a Human Wanderer on Feb 3, 2015.
             Was an Initiate of Okawaru.
             Slain by a quasit (2 damage)
             ... on level 5 of the Dungeon.
             The game lasted 00:33:10 (5714 turns).

Gorice the Poker (Human Wanderer)                   Turns: 5714, Time: 00:33:13

Health: -1/48      AC:  9    Str: 16    XL:     7   Next: 22%
Magic:  9/9        EV:  2    Int: 15    God:    Okawaru [......]
Gold:   163        SH:  0    Dex: 18    Spells: 0 memorised, 8 levels left

rFire  . . .     SeeInvis .     c - +1 spear
rCold  . . .     Clarity  .     u - +0 chain mail
rNeg   . . .     SustAb   .     (no shield)
rPois  .         Gourm    .     m - +0 hat
rElec  .         Spirit   .     (no cloak)
rCorr  .         Warding  .     (no gloves)
rMut   .         Stasis   .     (no boots)
MR     .....                    (no amulet)
Stlth  ..........               (no ring)
                                (no ring)

@: mighty, agile, lost dexterity, very slow, not resistant to hostile
enchantments, extremely unstealthy
A: no striking features
a: Renounce Religion


You were on level 5 of the Dungeon.
You worshipped Okawaru.
Okawaru was noncommittal.
You were very hungry.

You visited 2 branches of the dungeon, and saw 6 of its levels.

You collected 163 gold pieces.

Inventory:

Hand weapons
 a - a +0 trident
 b - a +0 hunting sling
 c - a +1 spear (weapon)
 k - a +1 short sword of venom
   (You found it on level 3 of the Dungeon)
 A - a +0 halberd
Missiles
 j - 2 poisoned needles
 w - 3 tomahawks (quivered)
 y - 21 bolts
 Z - 151 stones
Armour
 e - a +0 scale mail
 m - a +0 hat (worn)
 q - a +0 robe of cold resistance
   (You took it off an orc wizard on level 2 of the Dungeon)
 u - a +0 chain mail (worn)
 v - a +0 ring mail
Magical devices
 o - a wand of fire (10)
Scrolls
 s - a scroll of enchant weapon
 x - a scroll of magic mapping {!r}
Potions
 i - a potion of restore abilities {!q}
 r - 2 potions of flight
Books
 g - a book of Minor Magic
Comestibles
 d - 5 bread rations {!e}
 l - a meat ration {!e}
 n - 3 fruits
 t - a beef jerky


   Skills:
 - Level 1.0 Fighting
 * Level 5.6 Polearms
 + Level 4.4 Armour
 - Level 1.0 Stealth
   Level 1.0 Shields
 - Level 1.0 Spellcasting
   Level 2.0 Charms
   Level 2.0 Summonings


You had 8 spell levels left.
You didn't know any spells.

Dungeon Overview and Level Annotations

Branches:
Dungeon (5/15)             Temple (1/1) D:5

Altars:
Cheibriados
Dithmenos
Elyvilon
Fedhas
Gozag
Kikubaaqudgha
Makhleb
Nemelex Xobeh
Okawaru
Qazlal
Ru
Sif Muna
Trog
Vehumet
Yredelemnul
Zin
The Shining One


Message History

You are too injured to fight recklessly!
Unknown command.
You are too injured to fight recklessly!
Unknown command.
You are too injured to fight recklessly!
Unknown command.
You are too injured to fight recklessly!
Unknown command.
You are too injured to fight recklessly!
You are too injured to fight recklessly!
You are too injured to fight recklessly!
You are too injured to fight recklessly!
Drink which item? (? for menu, Esc to quit)
Really quaff
f - a potion of agility {!q}?
You feel agile all of a sudden.
The quasit bites you but does no damage.
The quasit claws you but does no damage. x2
The quasit bites you but does no damage.
The quasit completely misses you. The quasit claws you.
* * * LOW HITPOINT WARNING * * *
The quasit barely misses you. The quasit claws you.
* * * LOW HITPOINT WARNING * * *
You feel clumsy.
You convulse from lack of dexterity!
* * * LOW HITPOINT WARNING * * *
The quasit claws you.
* * * LOW HITPOINT WARNING * * *
You take 11 damage.
Unknown command.
Unknown command.
Unknown command.
Drink which item? (? for menu, Esc to quit)
Okay, then.
Read which item? (? for menu, Esc to quit)
Okay, then.
Drink which item? (? for menu, Esc to quit)
Really quaff
i - 2 potions of restore abilities {!q}?
You feel your dexterity returning.
The quasit bites you but does no damage.
The quasit claws you but does no damage. x2
The quasit bites you but does no damage.
The quasit claws you but does no damage. x2
Drink which item? (? for menu, Esc to quit)
It was a potion of might.
You feel very mighty all of a sudden. The quasit bites you.
* * * LOW HITPOINT WARNING * * *
The quasit claws you but does no damage. x2
The quasit bites you.
You die...

##. .
=....... .
...... ...
...#. ..%.
...# .....
...#
.......##.#
#...@.#
#.#5#.##
...#..#
..#..##.#
## ### #.##
#..# ##.##
#..# ##.##


You could see a quasit.

Vanquished Creatures
  A goliath beetle (D:4)
  An orc priest (D:3)
  A hound (D:4)
  An orc wizard (D:2)
  A gnoll shaman (D:4)
  2 iguanas (D:4)
  3 worker ants (D:4)
  Ijyb (D:2)
  3 gnolls (D:4)
  8 adders
  An adder skeleton (D:4)
  An adder zombie (D:5)
  3 giant geckos
  3 orcs
  2 giant cockroaches
  6 goblins
  7 hobgoblins
  A quokka (D:3)
  A ball python (D:2)
  12 bats
  2 giant newts
  8 kobolds
  10 rats
79 creatures vanquished.

Notes
Turn   | Place    | Note
--------------------------------------------------------------
     0 | D:1      | Gorice, the Human Wanderer, began the quest for the Orb.
     0 | D:1      | Gorice set off with: a book of Minor Magic, a +0 spear, a +0 ring mail, a bread ration {!e}
     0 | D:1      | Reached XP level 1. HP: 15/15 MP: 2/2
    91 | D:1      | Reached skill level 1 in Polearms
    91 | D:1      | Reached XP level 2. HP: 18/21 MP: 3/3
   510 | D:1      | Reached XP level 3. HP: 23/26 MP: 4/4
   821 | D:1      | Reached skill level 2 in Polearms
  1261 | D:2      | Noticed Ijyb
  1364 | D:2      | Killed Ijyb
  1364 | D:2      | Reached XP level 4. HP: 9/32 MP: 5/5
  1634 | D:2      | Reached skill level 3 in Armour
  2049 | D:3      | Reached skill level 3 in Polearms
  2382 | D:2      | HP: 9/32 [something (1)]
  2385 | D:2      | Reached XP level 5. HP: 13/37 MP: 7/7
  3312 | D:4      | Reached skill level 4 in Polearms
  3617 | D:4      | Reached XP level 6. HP: 43/43 MP: 8/8
  3640 | D:4      | HP: 9/43 [iguana (7)]
  4011 | D:4      | Reached skill level 4 in Armour
  4013 | D:4      | HP: 11/43 [poisoned by a worker ant]
  4688 | D:4      | Reached skill level 5 in Polearms
  4933 | D:4      | HP: 6/43 [iguana (11)]
  4946 | D:4      | HP: 6/43 [adder (2)]
  4949 | D:4      | HP: 1/43 [adder (3)]
  4953 | D:4      | Reached XP level 7. HP: 11/48 MP: 9/9
  5292 | D:4      | Found a snail-covered altar of Cheibriados.
  5330 | D:4      | Found an opulent altar of Gozag.
  5330 | D:4      | Found an iron altar of Okawaru.
  5332 | D:4      | Found a glowing golden altar of the Shining One.
  5435 | D:4      | Became a worshipper of Warmaster Okawaru
  5458 | D:5      | Entered Level 5 of the Dungeon
  5502 | D:5      | Found a staircase to the Ecumenical Temple.
  5525 | Temple   | Entered the Ecumenical Temple
  5707 | D:5      | Lost dexterity.
  5708 | D:5      | HP: 13/48 [quasit (2)]
  5712 | D:5      | HP: 3/48 [clumsiness (a quasit)]
  5712 | D:5      | HP: 1/48 [quasit (2)]
  5714 | D:5      | Slain by a quasit

Action                   |  1- 3 |  4- 6 |  7- 9 || total
-------------------------+-------+-------+-------++-------
Melee: Spear             |   170 |    92 |    18 ||   280
       Trident           |       |   138 |    47 ||   185
       Halberd           |       |    24 |    59 ||    83
 Fire: Hunting sling     |       |    26 |     2 ||    28
Throw: Stone             |     6 |       |       ||     6
       Tomahawk          |       |    10 |     1 ||    11
  Use: Scroll            |     1 |    11 |     1 ||    13
       Potion            |       |     3 |     3 ||     6
  Eat: Chunk             |     1 |    12 |       ||    13
       Pizza             |       |       |     1 ||     1

Table legend:
 A = Turns spent in this place as a percentage of turns spent in the entire game.
 B = Non-inter-level travel turns spent in this place as a percentage of non-inter-level travel turns spent in the entire game.
 C = Inter-level travel turns spent in this place as a percentage of turns spent in this place.
 D = Turns resting spent in this place as a percentage of non-inter-level travel turns spent in this place.
 E = Turns spent auto-exploring this place as a percentage of non-inter-level travel turns spent in this place.
 F = Non-inter-level travel turns spent in this place divided by the number of levels of this place that you've seen.
                   A       B       C       D       E      F
               +-------+-------+-------+-------+-------+----------------------
         Total | 100.0 | 100.0 |   0.3 |   1.9 |   4.0 | 383.0
       Dungeon |  97.2 |  97.2 |   0.2 |   2.0 |   4.1 | 446.8
        Temple |   2.8 |   2.8 |   1.5 |   0.0 |   0.0 |  64.0
               +-------+-------+-------+-------+-------+----------------------

Vault maps used:
D:1:      shiori_arrival_elements
D:2:      first_bread, minmay_misc_feat_more_columns, uniq_iyjb
D:4:      minitemple, chei_beetle_safe_becter
D:5:      minmay_temple_entry_overgrown, nemelex_dance_club_becter, uniq_edmund,
          uniq_duvessa
Temple:   water_room_temple_a_12
